Map: Central Protocol

Players

ignite

  • Race: Terran Terran
  • League: Master

Nuckzer - Winner!

  • Race: Zerg Zerg
  • League: Diamond

VOD

Have the link to the VOD?

Description

Time

  • Played on: March 19, 2016, 12:11 p.m.
  • Length: 4:29
Show
View Real Time Build Order
Export as new Build Order

ignite Terran 

Build Orders:  

Get SALT Encoding   

  12  0:00  SCV  
  13  0:12  SCV  
  14  0:19  Supply Depot  
  14  0:25  SCV  
  15  0:41  SCV  
  16  0:43  Barracks  
  16  0:46  Refinery  
  16  0:53  SCV  
  17  1:05  SCV  
  18  1:17  SCV  
  20  1:33  Orbital Command, Reaper  
  20  1:43  Command Center  
  20  1:58  SCV  
  21  2:05  Reaper  
  21  2:06  Supply Depot  
  22  2:10  SCV  
  23  2:28  SCV  
  24  2:31  Command Center  
  24  2:39  Factory  
  24  2:40  SCV  
  25  2:52  SCV  
  25  2:58  Orbital Command  
  26  3:03  Barracks Reactor, Bunker  
  26  3:05  SCV  
  27  3:07  Marine  
  27  3:11  Barracks  
  28  3:24  Marine  
  25  3:28  Widow Mine  
  27  3:37  SCV  
  22  3:42  Marine  
  21  3:50  SCV  
  22  3:59  Barracks  
  22  4:14  SCV  
Show
View Real Time Build Order
Export as new Build Order

Nuckzer Zerg - Winner!

Build Orders: Hatch First 

Get SALT Encoding   

  12  0:01  Drone  
  13  0:10  Drone  
  14  0:23  Overlord  
  14  0:42  Extractor, Drone x2  
  15  0:44  Drone  
  17  0:57  Hatchery  
  17  1:01  Extractor  
  17  1:03  Drone  
  16  1:06  Drone  
  17  1:21  Spawning Pool  
  16  1:26  Drone  
  16  1:30  Drone  
  18  1:42  Overlord  
  18  2:09  Roach Warren, Queen  
  18  2:13  Queen  
  21  2:20  Drone  
  21  2:21  Drone  
  23  2:41  Overlord  
  23  2:49  Roach x3  
  29  2:56  Metabolic Boost  
  29  3:00  Zergling x4  
  29  3:01  Zergling x2  
  32  3:06  Roach  
  34  3:15  Zergling x2  
  35  3:30  Roach x4  
  43  3:50  Zergling x4  
  43  3:51  Zergling x2  
  44  3:56  Overlord  
  42  4:25  Ravager  
Tags
 
Add a new tag
Caveats
  • Supply blocks, unpowered buildings, or Contaminate may cause inaccurate times.
  • Supply counts are checked every 10 seconds.